 Dungeon Crawl Stone Soup version 0.20.0-8-g6b59dc7 (webtiles) character file.

118 JarielCorvus the Magician (level 4, -1/24 HPs)
             Began as a Deep Elf Wizard on June 1, 2017.
             Slain by DasRunzen's ghost (12 damage)
             ... on level 3 of the Dungeon.
             The game lasted 00:08:35 (2468 turns).

JarielCorvus the Magician (Deep Elf Wizard)         Turns: 2468, Time: 00:08:36

Health: -1/24      AC:  4    Str:  4    XL:     4   Next: 72%
Magic:  5/14       EV: 13    Int: 24    God:
Gold:   90         SH:  0    Dex: 13    Spells: 4/15 levels left

rFire    . . .     SeeInvis .   j - +0 short sword
rCold    . . .     Gourm    +   (no shield)
rNeg     . . .     Faith    .   a - +1 robe
rPois    +         Spirit   .   b - +0 hat
rElec    .         Reflect  .   (no cloak)
rCorr    .         Harm     .   h - +0 pair of gloves
MR       .....                  (no boots)
Stlth    ++........             m - amulet of the gourmand
Regen    0.1/turn               i - ring of poison resistance
MPRegen  0.2/turn               (no ring)

@: no status effects
A: no striking features
a: no special abilities


You were on level 3 of the Dungeon.
You were not hungry.

You visited 1 branch of the dungeon, and saw 3 of its levels.

You collected 90 gold pieces.

Inventory:

Hand Weapons
 j - a +0 short sword (weapon)
Armour
 a - a +1 robe (worn)
 b - a +0 hat (worn)
 h - a +0 pair of gloves (worn)
Jewellery
 e - an uncursed ring of magical power {unknown}
 i - a ring of poison resistance (left hand)
 m - an amulet of the gourmand (around neck)
Scrolls
 n - a scroll of remove curse
Potions
 f - a potion of flight
 q - a potion of berserk rage
Books
 c - a book of Minor Magic

   Spells                             Type                      Level
   a - Magic Dart                     Conjuration                  1
   b - Blink                          Translocation                2
   c - Call Imp                       Summoning                    2
   d - Slow                           Hexes                        2
   e - Conjure Flame                  Conjuration/Fire             3
   f - Mephitic Cloud                 Conjuration/Poison/Air       3
Comestibles
 d - 3 bread rations
 g - 7 fruits


   Skills:
 - Level 2.4 Dodging
 - Level 2.4 Stealth
 * Level 6.4 Spellcasting
 + Level 3.2 Conjurations
 - Level 1.1 Summonings
 - Level 1.1 Translocations


You had 4 spell levels left.
You knew the following spells:

 Your Spells              Type           Power        Failure   Level  Hunger
a - Magic Dart            Conj           ###.         1%          1    None
b - Blink                 Tloc           N/A          8%          2    None
c - Call Imp              Summ           ##......     8%          2    None
d - Conjure Flame         Conj/Fire      ###.....     12%         3    None
e - Mephitic Cloud        Conj/Pois/Air  ##......     14%         3    None


Dungeon Overview and Level Annotations

Branches:
Dungeon (3/15)

Altars:
Ashenzari

Annotations:
D:3 DasRunzen's ghost, amateur DsGl; Grinder; Sigmund


Message History

Your white imp disappears in a puff of smoke!
Your white imp gestures at Grinder.
The puff of frost hits Grinder.
Grinder resists.
Grinder hits your white imp.
Your white imp gestures at Grinder.
The puff of frost hits Grinder.
Grinder resists.
DasRunzen's ghost closely misses you. Grinder hits your white imp!
Your white imp dies!
Your crimson imp hits DasRunzen's ghost but does no damage.
DasRunzen's ghost hits you!
Your crimson imp closely misses DasRunzen's ghost.
DasRunzen's ghost closely misses you.
Grinder blinks!
Your crimson imp hits DasRunzen's ghost but does no damage.
Grinder says, "DUCK!"
Your crimson imp blinks!
A quokka comes into view.
Your crimson imp blinks!
You see here a black potion.
DasRunzen's ghost hits you!
Ouch! That really hurt!
You die...

#§# ### .... ... ..§
#.# ... #.#
###.####.######+##..
.............5......
#.###.!5.......... #
#.....W...r.......
#.
#.###@#######'####
#..####.# #.# .#
........# #.### #
.#..#...###....
##.#...#......
#.............
.#.#.##.#.####.
............#
#...†.....#....


You could see Grinder, DasRunzen's ghost, a quokka and a friendly crimson imp.

Vanquished Creatures
  4 gnolls
  2 adders
  An ooze (D:2)
  A worm (D:2)
  A dart slug (D:2)
  A ball python (D:2)
  3 giant cockroaches
  9 hobgoblins
  5 bats
  5 frilled lizards
  5 goblins (D:1)
  8 kobolds
  7 rats
52 creatures vanquished.

Vanquished Creatures (collateral kills)
  A worm (D:2)
1 creature vanquished.

Grand Total: 53 creatures vanquished

Notes
Turn   | Place    | Note
-------+----------+-------------------------------------------
     0 | D:1      | JarielCorvus the Deep Elf Wizard began the quest for the Orb.
     0 | D:1      | Reached XP level 1. HP: 10/10 MP: 7/7
   215 | D:1      | Reached XP level 2. HP: 15/15 MP: 5/9
   275 | D:1      | Reached skill level 5 in Spellcasting
   860 | D:1      | Learned a level 2 spell: Blink
   863 | D:1      | Learned a level 2 spell: Call Imp
   986 | D:2      | Reached XP level 3. HP: 19/19 MP: 8/11
  1604 | D:1      | Learned a level 3 spell: Conjure Flame
  1608 | D:1      | Learned a level 3 spell: Mephitic Cloud
  1667 | D:2      | Reached skill level 6 in Spellcasting
  1667 | D:2      | Reached XP level 4. HP: 19/24 MP: 5/14
  1996 | D:2      | Found a shattered altar of Ashenzari.
  2323 | D:3      | Noticed Sigmund
  2432 | D:3      | Noticed Grinder
  2455 | D:3      | Noticed DasRunzen's ghost (amateur DsGl)
  2468 | D:3      | Slain by DasRunzen's ghost

Skill      XL: |  1  2  3  4 |
---------------+-------------+-----
Spellcasting   | 5 6 |  6.4
Conjurations   | 2 3 |  3.2
Dodging        | |  2.4
Stealth        | |  2.4
Summonings     | |  1.1
Translocations | |  1.1

Action                   |  1- 3 |  4- 6 || total
-------------------------+-------+-------++-------
 Cast: Magic Dart        |    82 |    60 ||   142
       Call Imp          |     2 |     5 ||     7
       Mephitic Cloud    |       |     1 ||     1
  Use: Scroll            |     6 |     6 ||    12
  Eat: Bread ration      |     1 |       ||     1
Armor: Robe              |     5 |     2 ||     7
Dodge: Dodged            |    13 |    11 ||    24
